cohdb
Replays
Latest Replays
All Replays
Popular Replays
Top Player Replays
Match Explorer
How It Works
Community
CoH3 Stats
Reddit
Sign in to upload your games and track your stats! →
Sign in with Steam
Match 42195437
Unlisted
Match 42195437
Overview
Messages
Build Orders
End
Panzergrenadier Squad
250 Light Carrier
Selects Panzerjäger Kommand Battlegroup
250 Light Carrier
Construct Light Support Kompanie
Selects GrB 39 Grenade Launcher Requisition
Combat Half-tracks
MG34 Team
Fire Support Elements
Pak 38 Anti-tank Gun Team
MG34 Team
Flakvierling Half-track
le.IG 18 Mechanized Group
Panzergrenadier Squad
2.5-tonne Medical Truck
Selects Mine Fields
Selects Defensive Positions
Panzerpioneer Squad
Construct Panzerarmee Kommand
Flak 36 Anti-tank Gun Team
Pak 38 Mechanized Group
Flakvierling Half-track
Selects Butterfly Bomb Drop
Butterfly Bomb Drop
Panzergrenadier Squad
Panzer III L Medium Tank
Selects Crew Shock Tactics
Butterfly Bomb Drop
Armored Reserves
2.5-tonne Medical Truck
Rapid Advance
Construct Mechanized Kompanie
Butterfly Bomb Drop
Selects Elefant Tank Destroyer
Butterfly Bomb Drop
Tiger Heavy Tank
Panzer III L Medium Tank
MG34 Team
[EC] tribecalledbrett
OnlyTrashWillCrying
Ghostly Bagel
Geno 21
Scooter
RayneFall
0
0
Comments
sign in to comment!
No comments posted yet!